 Dungeon Crawl Stone Soup version 0.28-a0-667-g162e43154e (webtiles) character file.

Game seed: 12290436548072742983

242 Lekart the Skirmisher (level 5, -7/46 HPs)
             Began as a Draconian Fighter on Oct 17, 2021.
             Mangled by an acid dragon (12 damage)
             ... on level 4 of the Dungeon.
             The game lasted 00:04:39 (3543 turns).

Lekart the Skirmisher (Draconian Fighter)           Turns: 3543, Time: 00:04:40

Health: -7/46      AC:  1    Str: 20    XL:     5   Next: 81%
Magic:  5/5        EV: 12    Int:  8    God:
Gold:   119        SH:  4    Dex: 10    Spells: 4/4 levels left

rFire   . . .      SeeInvis .   a - +0 long sword
rCold   . . .      Faith    .   b - +0 buckler
rNeg    . . .      Spirit   .   (armour unavailable)
rPois   .          Reflect  .   (helmet restricted)
rElec   .          Harm     .   (no cloak)
rCorr   .          Rampage  .   (no gloves)
Will    .....                   (no boots)
Stlth   +.........              (no amulet)
HPRegen 0.15/turn               (no ring)
MPRegen 0.09/turn               (no ring)

@: mighty, corroded
A: AC +5, unfitting armour, cold-blooded
a: no special abilities


You were on level 4 of the Dungeon.
You visited 1 branch of the dungeon, and saw 5 of its levels.

You collected 119 gold pieces.

Inventory:

Hand Weapons
 a - a +0 long sword (weapon)
Missiles
 n - 4 javelins
 o - 21 poisoned darts (quivered)
Armour
 b - a +0 buckler (worn)
Scrolls
 e - 2 scrolls of identify {unknown}
 h - a scroll of blinking {unknown}
 l - a scroll of teleportation {unknown}
 m - a scroll of immolation {unknown}
Potions
 d - 2 potions of experience {unknown}
 f - a potion of haste
 g - 4 potions of flight {unknown}
 i - a potion of lignification {unknown}
 j - a potion of curing {unknown}
 k - a potion of degeneration {unknown}


   Skills:
 + Level 4.2 Fighting
 + Level 4.1 Long Blades
 + Level 0.3 Throwing
 + Level 3.7 Dodging
 + Level 1.2 Stealth
 + Level 3.5 Shields


You had 4 spell levels left.
You didn't know any spells.
Your spell library contained the following spells:

 Spells                   Type           Power      Damage    Failure   Level
 Magic Dart               Conj           0%         1d3       41%         1
 Call Imp                 Summ           0%         N/A       56%         2
 Sublimation of Blood     Necr           0%         N/A       56%         2
 Wereblood                Tmut           0%         N/A       56%         2
 Mephitic Cloud           Conj/Pois/Air  0%         N/A       80%         3
 Summon Hydra             Summ           0%         N/A       100%        7


Dungeon Overview and Level Annotations

Branches:
Dungeon (5/15)
 Temple: D:4-7

Altars:
Yredelemnul

Shops:
D:4 *

Annotations:
D:3 exclusion: 2 downstairs
D:4 Blork the orc


Innate Abilities, Weirdness & Mutations

Your plain brown scales are hard. (AC +5)
You cannot fit into any form of body armour.
You are cold-blooded and may be slowed by cold attacks.


Message History

You are no longer poisoned.
You see here an adder corpse.
A kobold comes into view. It is wielding a +0 short sword.
The kobold moves out of view.
Found a stone staircase leading down.
Found Geovaz's General Store.
The kobold barely misses you.
You slash the kobold!
You kill the kobold!
No target in view!
You now have 119 gold pieces (gained 18).
Things that are here:
a +0 short sword; a kobold corpse
There is a fountain of clear blue water here.
There is a fountain of clear blue water here.
There is an entrance to Geovaz's General Store here.
There is a stone staircase leading down here.
You climb downwards.
The lemure shouts!
You hear a shout! x3
There is a stone staircase leading up here.
You can't go down here!
You climb upwards.
Level annotation: Blork the orc
There is a stone staircase leading down here.
An acid dragon comes into view.
The acid dragon spits acid at you. The splash of acid hits you!!
Ouch! That really hurt!
The acid corrodes you!
Sorry, you're not good enough to have a special ability.
Unknown command.
You feel very mighty all of a sudden. The acid dragon bites you!
* * * LOW HITPOINT WARNING * * *
The acid dragon claws you.
* * * LOW HITPOINT WARNING * * *
You slash the acid dragon!
Your tail-slap misses the acid dragon.
The acid dragon is heavily wounded.
The acid dragon bites you!
You die...

# #...##....# #.#
#...##....# #.#
8...8#....###.####...
#...########.......#
#8###8#..######
..............##
...............##
................#
#8###8#@...).>..#
#######D........#
#...............#
#...............#
#...........⌠.⌠.#
##...........∩.##
#.......#...⌠.⌠#
#.#########...## ...
#####


You could see an acid dragon.

Vanquished Creatures
  A howler monkey (D:4)
  A hound (D:3)
  A centaur skeleton (D:4)
  Jessica (D:2)
  5 adders
  4 worms
  A dart slug (D:1)
  4 orcs (D:3)
  A bat (D:1)
  4 endoplasms
  4 giant cockroaches
  5 goblins
  3 hobgoblins
  6 jackals
  5 kobolds
  2 quokkas
  6 ball pythons
  2 frilled lizards
  5 rats
61 creatures vanquished.

Notes
Turn   | Place    | Note
-------+----------+-------------------------------------------
     0 | D:1      | Lekart the Draconian Fighter began the quest for the Orb.
     0 | D:1      | Reached XP level 1. HP: 19/19 MP: 1/1
   109 | D:1      | Reached XP level 2. HP: 26/26 MP: 2/2
   740 | D:1      | Found a faded altar of an unknown god.
   947 | D:2      | Reached XP level 3. HP: 29/31 MP: 3/3
  1302 | D:2      | Found a basalt altar of Yredelemnul.
  1543 | D:2      | Noticed Jessica
  1551 | D:2      | Killed Jessica
  1552 | D:2      | Reached XP level 4. HP: 40/40 MP: 4/4
  2025 | D:3      | You fall into a shaft and drop 1 floor!
  2031 | D:4      | Reached XP level 5. HP: 46/46 MP: 5/5
  2630 | D:3      | Reached skill level 1 in Stealth
  3018 | D:4      | Noticed Blork the orc
  3509 | D:4      | Found Geovaz's General Store.
  3527 | D:5      | Entered Level 5 of the Dungeon
  3527 | D:5      | Noticed a lemure
  3533 | D:4      | Noticed an acid dragon
  3543 | D:4      | Mangled by an acid dragon

Illustrated notes

Levels and vault maps discovered:
D:1:      psy_arrival_spokes, layout_basic, basic_ecumenical_altar
D:2:      layout_basic, basic_altar, serial_aquarium, aquarium_bridge_square
          [aquarium_subvault_bridge, aquarium_subvault_bridge,
          aquarium_subvault_window, aquarium_subvault_window],
          aquarium_bridge_square [aquarium_subvault_wall,
          aquarium_subvault_bridge, aquarium_subvault_bridge,
          aquarium_subvault_wall], aquarium_window_1, aquarium_window_double,
          aquarium_window_1, aquarium_view_2a, aquarium_pool_2, uniq_jessica
D:3:      layout_basic
D:4:      layout_rooms, serial_corexii_hall, chequers_hall_statues_wall_a,
          chequers_hall_statues_y, chequers_hall_statues_wall_a,
          corexii_hall_statues_x, corexii_hall_statues_s,
          corexii_hall_statues_x, serial_shops, shop_fountains,
          uniq_blork_the_orc
D:5:      layout_cave_pools, gammafunk_ghost_split, minmay_misc_feat_cross,
          dk_noncrumbling_3, uniq_pikel

Skill      XL: |  1  2  3  4  5 |
---------------+----------------+-----
Dodging        | 3 |  3.7
Long Blades    | 3 4 |  4.1
Fighting       | 4 |  4.2
Stealth        | 1 |  1.2
Throwing       | |  0.3
Shields        | |  3.5

Action                   |  1- 3 |  4- 6 || total
-------------------------+-------+-------++-------
Melee: Long sword        |    99 |    85 ||   184
       Tailslap          |     7 |    13 ||    20
Throw: Dart              |       |    13 ||    13
       Javelin           |       |     5 ||     5
  Use: Potion            |       |     1 ||     1
 Stab: Sleeping          |     1 |     1 ||     2
       Distracted        |       |     1 ||     1
Armor: Skin              |    40 |    25 ||    65
Dodge: Dodged            |    84 |    82 ||   166
Block: Buckler           |    25 |    23 ||    48

Table legend: (Time is in decaauts)
 A = Elapsed time spent in this place.
 B = Non-inter-level travel time spent in this place.
 C = Inter-level travel time spent in this place.
 D = Time resting spent in this place.
 E = Time spent auto-exploring this place.
 F = Levels seen in this place.
 G = Mean time per level.
                   A        B        C        D        E       F      G
               +--------+--------+--------+--------+--------+-----+--------+
         Total |   3609 |   3238 |    371 |    616 |   2048 |   5 |  721.8 |
       Dungeon |   3609 |   3238 |    371 |    616 |   2048 |   5 |  721.8 |
               +--------+--------+--------+--------+--------+-----+--------+

Top non-repeatable levels by time:
     D:3: 1558 daAuts
     D:2: 963 daAuts
     D:1: 926 daAuts
     D:4: 159 daAuts
     D:5: 1 daAuts
